 Dungeon Crawl Stone Soup version bcrawl-1.36.4 (webtiles) character file.

Game seed: 10210301306672543277

120796 Mrkan the Skirmisher (level 3, -2/33 HPs)
             Began as a Minotaur Fighter on July 24, 2022.
             Was an Initiate of Nemelex Xobeh.
             Killed from afar by Sigmund (4 damage)
             ... with a magic dart
             ... on level 2 of the Dungeon.
             The game lasted 00:02:44 (1060 turns).

Mrkan the Skirmisher (Minotaur Fighter)             Turns: 1060, Time: 00:02:44

Health: -2/33      AC:  6    Str: 20    XL:     3   Next: 25%
Magic:  2/2        EV:  5    Int:  5    God:    Nemelex Xobeh [......]
Gold:   31         SH:  9    Dex: 10    Spells: 2/2 levels left

rFire    . . .     SeeInvis .   a - +0 war axe
rCold    . . .     Gourm    .   c - +0 medium shield
rNeg     . . .     Faith    .   b - +0 scale mail
rPois    .         Spirit   .   (helmet restricted)
rElec    .         Reflect  .   (no cloak)
rCorr    .                      (no gloves)
MR       .....                  (no boots)
Stlth    ..........             (no amulet)
HPRegen  0.11/turn              (no ring)
MPRegen  0.08/turn              (no ring)

@: no status effects
A: retaliatory headbutt, horns 2
a: Draw Escape, Draw Destruction, Draw Summoning, Renounce Religion


You were on level 2 of the Dungeon.
You worshipped Nemelex Xobeh.
Nemelex Xobeh was noncommittal.
You were not hungry.

You visited 1 branch of the dungeon, and saw 2 of its levels.

You collected 31 gold pieces.

Inventory:

Hand Weapons
 a - a +0 war axe (weapon)
 m - a +0 vampiric whip
Armour
 b - a +0 scale mail (worn)
 c - a +0 medium shield (worn)
Scrolls
 f - a scroll of immolation {unknown}
 h - a scroll of teleportation {unknown}
 i - a scroll of enchant armour {unknown}
 j - a scroll of fear {unknown}
 k - a scroll of enchant weapon {unknown}
Potions
 d - a potion of might
 g - a potion of curing {unknown}
 l - a potion of haste {unknown}
 n - a potion of mutation {unknown}
Comestibles
 e - 4 rations {!d}


   Skills:
 + Level 4.1 Fighting
 * Level 3.7 Axes
 - Level 3.6 Armour
 + Level 4.1 Shields


You had 2 spell levels left.
You didn't know any spells.
Your spell library was empty.

Dungeon Overview and Level Annotations

Branches:
Dungeon (2/12)

Altars:
Nemelex Xobeh

Annotations:
D:2 Sigmund


Innate Abilities, Weirdness & Mutations

You reflexively headbutt those who attack you in melee.
You have a pair of horns on your head.


Message History

The kobold hits you but does no damage. Something hits you but does no damage.
The kobold hits you but does no damage.
You hit the kobold.
You kill the kobold!
Something hits you. Something hits you.
You see here a +0 dagger.
You barely miss something. Your headbutt misses something. Something hits you.
You closely miss something. Something hits you!
Your shield prevents you from hitting something.
Something hits you!
You miss something. Something hits you!
* * * LOW HITPOINT WARNING * * *
Your shield prevents you from hitting something.
Your headbutt misses something.
You hear some strange, mumbled words.
A magic dart appears from out of thin air!
The magic dart hits you.
You die...
Your body disappears without a glow.

#........ . #....
..# .# #..#
##.###.##
####>.###...#...##
#..<..............
#.##..###)..#...#
# #.......(...##
##.####[#######.
#.# #.@{...... #.#
#########. #.# #.#


There were no monsters in sight!

Vanquished Creatures
  An ooze (D:1)
  A worm (D:1)
  A dart slug (D:1)
  3 leopard geckos (D:1)
  A giant cockroach (D:1)
  4 goblins
  A hobgoblin (D:1)
  A quokka (D:1)
  4 bats (D:1)
  3 frilled lizards (D:1)
  5 kobolds
  3 rats (D:1)
28 creatures vanquished.

Notes
Turn   | Place    | Note
-------+----------+-------------------------------------------
     0 | D:1      | Mrkan the Minotaur Fighter began the quest for the Orb.
     0 | D:1      | Reached XP level 1. HP: 19/19 MP: 0/0
    64 | D:1      | Reached XP level 2. HP: 27/27 MP: 1/1
   637 | D:1      | Found a sparkling altar of Nemelex Xobeh.
   712 | D:1      | Reached XP level 3. HP: 33/33 MP: 2/2
   915 | D:1      | Became a worshipper of Nemelex Xobeh the Trickster
  1035 | D:2      | Received a gift from Nemelex Xobeh
  1050 | D:2      | Noticed Sigmund
  1060 | D:2      | Killed from afar by Sigmund

Skill      XL: |  1  2 |
---------------+-------+-----
Axes           | 3 |  3.7
Fighting       | 4 |  4.1
Shields        | 4 |  4.1
Armour         | |  3.6

Action                   || total
-------------------------++-------
Melee: War axe           ||    68
       Headbutt          ||     6
  Eat: Chunk             ||     3
Armor: Scale mail        ||    30
Dodge: Dodged            ||    12
Block: Medium shield     ||    41
